 Dungeon Crawl Stone Soup version 0.21.0-37-g46506fa (webtiles) character file.

12996 tidbits the Thaumaturge (level 12, -19/89 HPs)
             Began as a Gnoll Earth Elementalist on Feb 1, 2018.
             Was an Elder of Cheibriados.
             Hit by a large rock thrown by a stone giant (41 damage)
             ... on level 1 of the Orcish Mines.
             The game lasted 00:44:42 (2804 turns).

tidbits the Thaumaturge (Gnoll Earth Elementalist)  Turns: 2804, Time: 00:44:43

Health: -19/89     AC: 11    Str: 20    XL:     12   Next: 1%
Magic:  22/33      EV: 21    Int: 31    God:    Cheibriados [****..]
Gold:   277        SH:  0    Dex: 29    Spells: 10/28 levels left

rFire    . . .     SeeInvis .   a - +2 rapier (venom)
rCold    . . .     Gourm    .   (no shield)
rNeg     . . .     Faith    +   B - +2 robe of Epred {rCorr Dex+4}
rPois    .         Spirit   .   E - +2 helmet
rElec    .         Reflect  .   (no cloak)
rCorr    +         Harm     .   (no gloves)
MR       .....                  F - +2 pair of boots
Stlth    +++++.....             h - amulet of faith
HPRegen  0.24/turn              D - ring of magical power
MPRegen  0.23/turn              Y - +4 ring of slaying

@: very slightly contaminated, very slow
A: distributed training, fangs 1, strong nose
a: Bend Time, Temporal Distortion, Slouch, Renounce Religion


You were on level 1 of the Orcish Mines.
You worshipped Cheibriados.
Cheibriados was greatly pleased with you.
You were very full.

You visited 3 branches of the dungeon, and saw 16 of its levels.

You collected 493 gold pieces.
You spent 216 gold pieces at shops.

Inventory:

Hand Weapons
 a - a +2 rapier of venom (weapon)
   (You found it on level 8 of the Dungeon)
 b - a +0 war axe
 d - a +2 dagger of flaming
   (You took it off an orc wizard on level 1 of the Orcish Mines)
 f - a +0 mace
 l - a +0 scythe
 o - the +4 hunting sling of Ointment {venom, rElec Int+3}
   (You found it on level 5 of the Dungeon)

   It poisons the ammo it fires.
   It affects your intelligence (+3).
   It insulates you from electricity.
 s - a +4 scimitar
 u - a +2 dagger of venom
   (You took it off an orc priest on level 1 of the Orcish Mines)
 v - a +2 short sword of venom
   (You found it on level 10 of the Dungeon)
 O - a +0 rapier of protection
   (You took it off Eustachio on level 6 of the Dungeon)
 P - a +2 battleaxe of flaming
   (You took it off Harold on level 1 of the Orcish Mines)
Missiles
 c - 52 stones
 g - 2 tomahawks (quivered)
 k - 48 arrows
 n - 2 throwing nets {!f}
 r - 11 sling bullets
 C - 6 curare-tipped needles
 H - 6 javelins
Armour
 B - the +2 robe of Epred (worn) {rCorr Dex+4}
   (You found it on level 4 of the Dungeon)

   It affects your dexterity (+4).
   It protects you from acid and corrosion.
 E - a +2 helmet (worn)
 F - a +2 pair of boots (worn)
 G - a +1 robe of positive energy
   (You took it off an orc sorcerer on level 1 of the Orcish Mines)
 I - a +0 scale mail of magic resistance
   (You took it off Urug on level 10 of the Dungeon)
 Q - a +3 ring mail of magic resistance
   (You took it off Harold on level 1 of the Orcish Mines)
Jewellery
 h - an amulet of faith (around neck)
   (You found it on level 4 of the Dungeon)
 j - a +5 amulet of reflection
   (You found it on level 3 of the Dungeon)
 z - an uncursed ring of stealth
   (You found it on level 9 of the Dungeon)
 D - a ring of magical power (left hand)
   (You found it on level 11 of the Dungeon)
 L - an uncursed ring of flight
   (You found it on level 13 of the Dungeon)
 W - an uncursed ring of wizardry
   (You took it off a big kobold on level 8 of the Dungeon)
 Y - a +4 ring of slaying (right hand)
   (You found it on level 10 of the Dungeon)
Wands
 p - a wand of flame (35)
Scrolls
 i - a scroll of identify
 m - a scroll of noise
 t - 2 scrolls of teleportation
 w - a scroll of immolation
 J - 2 scrolls of enchant weapon
 M - a scroll of amnesia
 N - a scroll of remove curse
Potions
 q - a potion of brilliance
Books
 e - a book of Geomancy

   Spells                             Type                      Level
   a - Sandblast                      Earth                        1
   b - Passwall                       Transmutation/Earth          2
   c - Stone Arrow                    Conjuration/Earth            3
   d - Petrify                        Transmutation/Earth          4
   e - Lee's Rapid Deconstruction     Earth                        5
 K - a book of Conjurations
   (You found it on level 10 of the Dungeon)

   Spells                             Type                      Level
   a - Magic Dart                     Conjuration                  1
   b - Searing Ray                    Conjuration                  2
   c - Dazzling Spray                 Conjuration/Hexes            3
   d - Fulminant Prism                Conjuration/Hexes            4
   e - Force Lance                    Conjuration/Translocation    4
   f - Iskenderun's Mystic Blast      Conjuration                  4
Comestibles
 y - 14 rations


   Skills:
 + Level 6.7 Fighting
 + Level 6.7 Short Blades
 + Level 6.7 Long Blades
 + Level 6.7 Axes
 + Level 6.7 Maces & Flails
 + Level 6.7 Polearms
 + Level 6.7 Staves
 + Level 6.7 Slings
 + Level 6.7 Bows
 + Level 6.7 Crossbows
 + Level 6.7 Throwing
 + Level 6.7 Armour
 + Level 8.2 Dodging
 + Level 8.0 Stealth
 + Level 6.7 Shields
 + Level 6.7 Unarmed Combat
 + Level 8.5 Spellcasting
 + Level 5.5 Conjurations
 + Level 5.5 Hexes
 + Level 5.5 Charms
 + Level 5.5 Summonings
 + Level 5.5 Necromancy
 + Level 5.5 Translocations
 + Level 6.0 Transmutations
 + Level 5.5 Fire Magic
 + Level 5.5 Ice Magic
 + Level 5.5 Air Magic
 + Level 7.9 Earth Magic
 + Level 5.5 Poison Magic
 + Level 7.3 Invocations
 + Level 6.7 Evocations


You had 10 spell levels left.
You knew the following spells:

 Your Spells              Type           Power        Failure   Level  Hunger
a - Sandblast             Erth           ######       1%          1    None
d - Dazzling Spray        Conj/Hex       #####.       1%          3    None
e - Petrify               Tmut/Erth      ######..     2%          4    None
j - Stone Arrow           Conj/Erth      ######       1%          3    None
p - Passwall              Tmut/Erth      ######....   1%          2    None
D - Lee's Rapid Deconstr  Erth           ######....   4%          5    ####...


Dungeon Overview and Level Annotations

Branches:
Dungeon (14/15)            Temple (1/1) D:4            Lair (0/6) D:11
    Orc (1/2) D:12
 Vaults: D:13-14

Altars:
Cheibriados
Hepliaklqana
Kikubaaqudgha
Wu Jian
Yredelemnul
Zin

Shops:
D:11 ?   Orc:1 ((

Annotations:
D:10 1 runed door
D:11 exclusion: oklob plant
D:12 exclusions: freezing wraith and skeletal warrior
D:14 exclusion: obsidian statue


Innate Abilities, Weirdness & Mutations

Your experience applies equally to all skills.
You have very sharp teeth.
Your uncanny sense of smell can sniff out nearby items.


Message History

Firing (i - inventory. (,) - cycle):
r - 16 sling bullets (quivered)
Press: ? - help, Shift-Dir - straight line, f - orc
Aim: an orc, wielding a hand axe You shoot a sling bullet.
The sling bullet barely misses the orc.
Firing (i - inventory. (,) - cycle):
r - 15 sling bullets (quivered)
Press: ? - help, Shift-Dir - straight line, f/p - orc
Aim: an orc, wielding a hand axe You shoot a sling bullet.
The sling bullet hits the orc.
The orc is poisoned.
The orc is severely wounded.
You kill the orc!
Cheibriados appreciates the change of pace.
An orc and a stone giant come into view.
The stone giant shouts!
You hear a shout! x4
Firing (i - inventory. (,) - cycle):
r - 14 sling bullets (quivered)
Press: ? - help, Shift-Dir - straight line, f - stone giant
Aim: a stone giant You shoot a sling bullet.
The sling bullet hits the stone giant but does no damage.
The stone giant is poisoned.
An orc warrior comes into view. It is wielding an enchanted trident.
The stone giant throws a large rock.
The large rock hits you!!
* * * LOW HITPOINT WARNING * * *
You see here a large rock.
Unknown command.
Unknown command.
Unknown command.
Okay, then.
Evoke which item? (* to show all) (? for menu, Esc to quit)
Okay, then.
Unknown command.
Casting: Petrify
Confirm with . or Enter, or press ? or * to list all spells.
Aiming: Petrify
Press: ? - help, Shift-Dir - straight line, f/p - stone giant
Aim: a stone giant (lightly wounded, poisoned, chance to defeat MR: 26%)
The stone giant easily resists.
The stone giant throws a large rock.
The large rock closely misses you.
Firing (i - inventory. (,) - cycle):
r - 13 sling bullets (quivered)
Press: ? - help, Shift-Dir - straight line, f/p - stone giant
Aim: a stone giant (lightly wounded, poisoned)
You shoot a sling bullet. The sling bullet hits the stone giant.
The stone giant looks as sick as possible!
The stone giant is lightly wounded.
Firing (i - inventory. (,) - cycle):
r - 12 sling bullets (quivered)
Press: ? - help, Shift-Dir - straight line, f/p - stone giant
Aim: a stone giant (lightly wounded, poisoned)
You shoot a sling bullet. The sling bullet hits the stone giant!
The stone giant looks as sick as possible!
The stone giant is moderately wounded.
The stone giant throws a large rock.
The large rock hits you!!
* * * LOW HITPOINT WARNING * * *
Okay, then.
Unknown command.
Okay, then.
Unknown command.
Evoke which item? (* to show all) (? for menu, Esc to quit)
Okay, then.
Unknown command.
Okay, then.
Blink to where?
Press: ? - help, Dir - move target cursor, p - stone giant You are very lightly contaminated with residual magic.
As you read the scroll of blinking, it crumbles to dust.
Unknown command.
You see here 32 gold pieces.
You now have 277 gold pieces (gained 32).
Unknown command.
Casting: Petrify
Confirm with . or Enter, or press ? or * to list all spells.
Aiming: Petrify
Press: ? - help, Shift-Dir - straight line, f - orc warrior
Aim: an orc warrior, wielding an enchanted trident and wearing a plate armour (chance to defeat MR: 76%)
The orc warrior is moving more slowly.
Found 22 gold pieces.
The orc warrior stops moving altogether!
Wield which item (- for none, * to show all)? (? for menu, Esc to quit)
The +4 hunting sling of Ointment {venom, rElec Int+3} stops dripping with poison.
Your +2 rapier of venom begins to drip with poison!
a - a +2 rapier of venom (weapon)
Unknown command.
An orc comes into view. It is wielding a short sword.
Evoke which item? (* to show all) (? for menu, Esc to quit)
Aiming: Cloud Cone
Press: ? - help, Dir - move target cursor, f/p - orc warrior
Aim: an orc warrior, wielding an enchanted trident and wearing a plate armour (petrified)
You create a blast of poison gas!
The now-empty wand crumbles to dust.
You hear a shout!
The stone giant is engulfed in poison gas.
The stone giant looks even sicker.
The orc warrior is engulfed in poison gas.
The orc warrior is poisoned.
Unknown command.
The helpless orc warrior fails to defend itself.
You perforate the orc warrior like a sieve!!!
You kill the orc warrior!
The orc is engulfed in poison gas.
The orc is poisoned.
The stone giant is engulfed in poison gas.
The stone giant looks as sick as possible!
The stone giant throws a large rock.
The large rock hits you!!!
You die...

#................#
....#.......#...#
#.#####.#..#....# #
##...§...# ## ##..§o####
$ ##..§C#.## .##
###.#§§.###..##
##.#§##.....##.
##...§@............
#..................
##..#.#.#......#..#
###.......#......##.
##..................
#####................#..
#......#...............
#..PP.###...........#
##..∩P.###.)..>.....## .


You could see a stone giant and an orc.

Vanquished Creatures
  An orc warlord (Orc:1)
  Harold (Orc:1)
  A tengu warrior (D:13)
  3 two-headed ogres
  Urug (D:10)
  Nergalle (D:12)
  An unseen horror (D:10)
  An orc knight (Orc:1)
  3 orc sorcerers (Orc:1)
  2 centaur zombies
  A centaur skeleton (D:10)
  A komodo dragon (D:12)
  A troll (D:11)
  2 hippogriffs
  Sigmund (D:5)
  2 shadows
  A wyvern (D:10)
  Eustachio (D:6)
  A hungry ghost (D:11)
  2 sky beasts
  7 orc warriors
  3 ogres
  A necrophage (D:9)
  2 centaurs
  A big kobold (D:8)
  2 bullfrogs
  A water moccasin zombie (D:9)
  A scorpion (D:6)
  A wyvern skeleton (D:13)
  3 wights (D:11)
  A howler monkey (D:5)
  3 crimson imps
  A quasit (D:11)
  A hound (D:14)
  11 orc priests
  3 bullfrog skeletons
  10 orc wizards
  An iguana (D:11)
  A human skeleton (D:10)
  A worker ant (D:7)
  2 hound zombies
  2 hound skeletons
  4 adders
  3 gnolls (Orc:1)
  2 oozes (D:4)
  3 dart slugs
  4 leopard geckos
  33 orcs
  3 giant cockroaches
  2 goblins
  3 hobgoblins
  11 jackals
  8 kobolds
  4 quokkas
  2 bats
  2 frilled lizards
  A jackal zombie (D:10)
  A leopard gecko skeleton (D:4)
  4 rats
177 creatures vanquished.

Notes
Turn   | Place    | Note
-------+----------+-------------------------------------------
     0 | D:1      | tidbits the Gnoll Earth Elementalist began the quest for the Orb.
     0 | D:1      | Reached XP level 1. HP: 13/13 MP: 6/6
   122 | D:1      | Reached skill level 2 in Transmutations
   129 | D:1      | Reached XP level 2. HP: 19/19 MP: 2/7
   133 | D:1      | Learned a level 2 spell: Passwall
   292 | D:2      | Reached skill level 5 in Spellcasting
   292 | D:2      | Reached XP level 3. HP: 25/25 MP: 2/9
   298 | D:2      | Learned a level 3 spell: Stone Arrow
   330 | D:4      | Found a staircase to the Ecumenical Temple.
   388 | D:2      | Reached skill level 1 in Invocations
   429 | Temple   | Entered the Ecumenical Temple
   454 | Temple   | Became a worshipper of Cheibriados the Contemplative
   516 | D:4      | Reached skill level 1 in Fighting
   516 | D:4      | Reached skill level 1 in Short Blades
   516 | D:4      | Reached skill level 1 in Long Blades
   516 | D:4      | Reached skill level 1 in Axes
   516 | D:4      | Reached skill level 1 in Maces & Flails
   516 | D:4      | Reached skill level 1 in Polearms
   516 | D:4      | Reached skill level 1 in Staves
   516 | D:4      | Reached skill level 1 in Slings
   516 | D:4      | Reached skill level 1 in Bows
   516 | D:4      | Reached skill level 1 in Crossbows
   516 | D:4      | Reached skill level 1 in Throwing
   516 | D:4      | Reached skill level 1 in Armour
   516 | D:4      | Reached skill level 1 in Shields
   516 | D:4      | Reached skill level 1 in Unarmed Combat
   516 | D:4      | Reached skill level 1 in Evocations
   516 | D:4      | Reached XP level 4. HP: 21/32 MP: 8/11
   519 | D:4      | Reached skill level 1 in Conjurations
   519 | D:4      | Reached skill level 1 in Hexes
   519 | D:4      | Reached skill level 1 in Charms
   519 | D:4      | Reached skill level 1 in Summonings
   519 | D:4      | Reached skill level 1 in Necromancy
   519 | D:4      | Reached skill level 1 in Translocations
   519 | D:4      | Reached skill level 1 in Fire Magic
   519 | D:4      | Reached skill level 1 in Ice Magic
   519 | D:4      | Reached skill level 1 in Air Magic
   519 | D:4      | Reached skill level 1 in Poison Magic
   581 | D:5      | Entered Level 5 of the Dungeon
   621 | D:3      | Reached XP level 5. HP: 23/37 MP: 6/12
   719 | D:3      | HP: 1/37 [orc priest/divine providence (12)]
   775 | D:4      | Reached * piety under Cheibriados
   800 | D:5      | Noticed a sky beast
   854 | D:4      | Got a heavy robe
   877 | D:5      | Reached XP level 6. HP: 26/44 MP: 13/13
   911 | D:5      | Reached skill level 2 in Invocations
   988 | D:5      | Reached skill level 2 in Fighting
   988 | D:5      | Reached skill level 2 in Short Blades
   988 | D:5      | Reached skill level 2 in Long Blades
   988 | D:5      | Reached skill level 2 in Axes
   988 | D:5      | Reached skill level 2 in Maces & Flails
   988 | D:5      | Reached skill level 2 in Polearms
   988 | D:5      | Reached skill level 2 in Staves
   988 | D:5      | Reached skill level 2 in Slings
   988 | D:5      | Reached skill level 2 in Bows
   988 | D:5      | Reached skill level 2 in Crossbows
   988 | D:5      | Reached skill level 2 in Throwing
   988 | D:5      | Reached skill level 2 in Armour
   988 | D:5      | Reached skill level 5 in Dodging
   988 | D:5      | Reached skill level 2 in Shields
   988 | D:5      | Reached skill level 2 in Unarmed Combat
   988 | D:5      | Reached skill level 2 in Evocations
  1007 | D:5      | Noticed a sky beast
  1012 | D:5      | Killed a sky beast
  1012 | D:5      | Reached XP level 7. HP: 24/50 MP: 10/15
  1055 | D:5      | Reached ** piety under Cheibriados
  1070 | D:5      | Found a glowing silver altar of Zin.
  1126 | D:6      | Reached skill level 2 in Conjurations
  1126 | D:6      | Reached skill level 2 in Hexes
  1126 | D:6      | Reached skill level 2 in Charms
  1126 | D:6      | Reached skill level 2 in Summonings
  1126 | D:6      | Reached skill level 2 in Necromancy
  1126 | D:6      | Reached skill level 2 in Translocations
  1126 | D:6      | Reached skill level 3 in Transmutations
  1126 | D:6      | Reached skill level 2 in Fire Magic
  1126 | D:6      | Reached skill level 2 in Ice Magic
  1126 | D:6      | Reached skill level 2 in Air Magic
  1126 | D:6      | Reached skill level 2 in Poison Magic
  1161 | D:5      | Got a jewelled hunting sling
  1163 | D:5      | Identified the +4 hunting sling of Ointment {venom, rElec Int+3} (You found it on level 5 of the Dungeon)
  1186 | D:5      | Noticed Sigmund
  1192 | D:5      | Killed Sigmund
  1192 | D:5      | Reached skill level 5 in Stealth
  1192 | D:5      | Reached skill level 3 in Invocations
  1229 | D:7      | Reached skill level 6 in Earth Magic
  1229 | D:7      | Reached XP level 8. HP: 57/57 MP: 13/16
  1311 | D:6      | Noticed Eustachio
  1319 | D:6      | Killed Eustachio
  1319 | D:6      | Reached skill level 3 in Fighting
  1319 | D:6      | Reached skill level 3 in Short Blades
  1319 | D:6      | Reached skill level 3 in Long Blades
  1319 | D:6      | Reached skill level 3 in Axes
  1319 | D:6      | Reached skill level 3 in Maces & Flails
  1319 | D:6      | Reached skill level 3 in Polearms
  1319 | D:6      | Reached skill level 3 in Staves
  1319 | D:6      | Reached skill level 3 in Slings
  1319 | D:6      | Reached skill level 3 in Bows
  1319 | D:6      | Reached skill level 3 in Crossbows
  1319 | D:6      | Reached skill level 3 in Throwing
  1319 | D:6      | Reached skill level 3 in Armour
  1319 | D:6      | Reached skill level 3 in Shields
  1319 | D:6      | Reached skill level 3 in Unarmed Combat
  1319 | D:6      | Reached skill level 3 in Evocations
  1331 | D:6      | Reached skill level 6 in Spellcasting
  1418 | D:8      | Reached *** piety under Cheibriados
  1446 | D:8      | Learned a level 4 spell: Petrify
  1452 | D:8      | Learned a level 5 spell: Lee's Rapid Deconstruction
  1468 | D:8      | Identified the +2 robe of Epred {rCorr Dex+4} (You found it on level 4 of the Dungeon)
  1498 | D:10     | Entered Level 10 of the Dungeon
  1535 | D:9      | Reached skill level 4 in Invocations
  1595 | D:9      | Reached skill level 3 in Conjurations
  1595 | D:9      | Reached skill level 3 in Hexes
  1595 | D:9      | Reached skill level 3 in Charms
  1595 | D:9      | Reached skill level 3 in Summonings
  1595 | D:9      | Reached skill level 3 in Necromancy
  1595 | D:9      | Reached skill level 3 in Translocations
  1595 | D:9      | Reached skill level 3 in Fire Magic
  1595 | D:9      | Reached skill level 3 in Ice Magic
  1595 | D:9      | Reached skill level 3 in Air Magic
  1595 | D:9      | Reached skill level 3 in Poison Magic
  1619 | D:9      | Reached skill level 6 in Dodging
  1619 | D:9      | Reached XP level 9. HP: 63/65 MP: 14/18
  1647 | D:9      | Noticed a two-headed ogre
  1648 | D:9      | Noticed a two-headed ogre
  1657 | D:9      | Killed a two-headed ogre
  1657 | D:9      | Reached skill level 4 in Fighting
  1657 | D:9      | Reached skill level 4 in Short Blades
  1657 | D:9      | Reached skill level 4 in Long Blades
  1657 | D:9      | Reached skill level 4 in Axes
  1657 | D:9      | Reached skill level 4 in Maces & Flails
  1657 | D:9      | Reached skill level 4 in Polearms
  1657 | D:9      | Reached skill level 4 in Staves
  1657 | D:9      | Reached skill level 4 in Slings
  1657 | D:9      | Reached skill level 4 in Bows
  1657 | D:9      | Reached skill level 4 in Crossbows
  1657 | D:9      | Reached skill level 4 in Throwing
  1657 | D:9      | Reached skill level 4 in Armour
  1657 | D:9      | Reached skill level 6 in Stealth
  1657 | D:9      | Reached skill level 4 in Shields
  1657 | D:9      | Reached skill level 4 in Unarmed Combat
  1657 | D:9      | Reached skill level 4 in Transmutations
  1657 | D:9      | Reached skill level 4 in Evocations
  1661 | D:9      | Killed a two-headed ogre
  1661 | D:9      | Reached skill level 5 in Invocations
  1742 | D:10     | Reached skill level 7 in Spellcasting
  1742 | D:10     | Reached XP level 10. HP: 70/73 MP: 16/20
  1748 | D:10     | Noticed a two-headed ogre
  1749 | D:10     | Found a runed door.
  1756 | D:10     | Killed a two-headed ogre
  1756 | D:10     | Reached skill level 5 in Fighting
  1756 | D:10     | Reached skill level 5 in Short Blades
  1756 | D:10     | Reached skill level 5 in Long Blades
  1756 | D:10     | Reached skill level 5 in Axes
  1756 | D:10     | Reached skill level 5 in Maces & Flails
  1756 | D:10     | Reached skill level 5 in Polearms
  1756 | D:10     | Reached skill level 5 in Staves
  1756 | D:10     | Reached skill level 5 in Slings
  1756 | D:10     | Reached skill level 5 in Bows
  1756 | D:10     | Reached skill level 5 in Crossbows
  1756 | D:10     | Reached skill level 5 in Throwing
  1756 | D:10     | Reached skill level 5 in Armour
  1756 | D:10     | Reached skill level 5 in Shields
  1756 | D:10     | Reached skill level 5 in Unarmed Combat
  1756 | D:10     | Reached skill level 4 in Conjurations
  1756 | D:10     | Reached skill level 4 in Hexes
  1756 | D:10     | Reached skill level 4 in Charms
  1756 | D:10     | Reached skill level 4 in Summonings
  1756 | D:10     | Reached skill level 4 in Necromancy
  1756 | D:10     | Reached skill level 4 in Translocations
  1756 | D:10     | Reached skill level 4 in Fire Magic
  1756 | D:10     | Reached skill level 4 in Ice Magic
  1756 | D:10     | Reached skill level 4 in Air Magic
  1756 | D:10     | Reached skill level 4 in Poison Magic
  1756 | D:10     | Reached skill level 5 in Evocations
  1769 | D:10     | Killed an unseen horror
  1769 | D:10     | Reached skill level 7 in Dodging
  1769 | D:10     | Reached skill level 7 in Earth Magic
  1789 | D:10     | Found a basalt altar of Yredelemnul.
  1941 | D:11     | Found a staircase to the Lair.
  1977 | D:11     | Noticed an oklob plant
  2010 | D:11     | Reached **** piety under Cheibriados
  2028 | D:11     | Found Gem Simes's Magic Scroll Shoppe.
  2045 | D:11     | Reached skill level 5 in Transmutations
  2064 | D:10     | Noticed Urug
  2086 | D:10     | Killed Urug
  2086 | D:10     | Reached skill level 7 in Stealth
  2086 | D:10     | Reached skill level 6 in Invocations
  2111 | D:11     | Bought a scroll of teleportation for 36 gold pieces
  2111 | D:11     | Bought a scroll of magic mapping for 42 gold pieces
  2112 | D:11     | Bought a scroll of identify for 24 gold pieces
  2112 | D:11     | Bought a scroll of amnesia for 42 gold pieces
  2112 | D:11     | Bought a scroll of identify for 24 gold pieces
  2112 | D:11     | Bought a scroll of identify for 24 gold pieces
  2112 | D:11     | Bought a scroll of identify for 24 gold pieces
  2146 | D:11     | Got a dazzling ring mail
  2157 | D:11     | Identified the cursed +0 ring mail of Jiynaf {rC+} (You found it on level 11 of the Dungeon)
  2184 | D:12     | Noticed an eight-headed hydra
  2275 | D:13     | Reached XP level 11. HP: 81/81 MP: 22/22
  2280 | D:13     | Learned a level 3 spell: Dazzling Spray
  2308 | D:14     | Noticed an obsidian statue
  2407 | D:13     | Noticed a tengu warrior
  2415 | D:13     | Killed a tengu warrior
  2415 | D:13     | Reached ***** piety under Cheibriados
  2460 | D:12     | Reached skill level 6 in Fighting
  2460 | D:12     | Reached skill level 6 in Short Blades
  2460 | D:12     | Reached skill level 6 in Long Blades
  2460 | D:12     | Reached skill level 6 in Axes
  2460 | D:12     | Reached skill level 6 in Maces & Flails
  2460 | D:12     | Reached skill level 6 in Polearms
  2460 | D:12     | Reached skill level 6 in Staves
  2460 | D:12     | Reached skill level 6 in Slings
  2460 | D:12     | Reached skill level 6 in Bows
  2460 | D:12     | Reached skill level 6 in Crossbows
  2460 | D:12     | Reached skill level 6 in Throwing
  2460 | D:12     | Reached skill level 6 in Armour
  2460 | D:12     | Reached skill level 6 in Shields
  2460 | D:12     | Reached skill level 6 in Unarmed Combat
  2460 | D:12     | Reached skill level 6 in Evocations
  2464 | D:12     | Reached skill level 5 in Conjurations
  2464 | D:12     | Reached skill level 5 in Hexes
  2464 | D:12     | Reached skill level 5 in Charms
  2464 | D:12     | Reached skill level 5 in Summonings
  2464 | D:12     | Reached skill level 5 in Necromancy
  2464 | D:12     | Reached skill level 5 in Translocations
  2464 | D:12     | Reached skill level 5 in Fire Magic
  2464 | D:12     | Reached skill level 5 in Ice Magic
  2464 | D:12     | Reached skill level 5 in Air Magic
  2464 | D:12     | Reached skill level 5 in Poison Magic
  2473 | D:12     | Noticed Nergalle
  2504 | D:12     | Found a staircase to the Orcish Mines.
  2544 | D:12     | Killed Nergalle
  2544 | D:12     | Reached skill level 8 in Spellcasting
  2567 | D:12     | Noticed a skeletal warrior
  2591 | D:12     | Noticed a deep elf mage
  2591 | D:12     | Noticed a deep elf mage
  2614 | Orc:1    | Entered Level 1 of the Orcish Mines
  2615 | Orc:1    | Noticed Harold
  2620 | Orc:1    | Killed Harold
  2630 | Orc:1    | Found Beto's Antique Weapon Emporium.
  2639 | Orc:1    | Noticed an orc knight
  2648 | Orc:1    | Killed an orc knight
  2661 | Orc:1    | Noticed an orc sorcerer
  2662 | Orc:1    | Paralysed by an orc sorcerer for 3 turns
  2666 | Orc:1    | Killed an orc sorcerer
  2666 | Orc:1    | Reached skill level 7 in Invocations
  2676 | Orc:1    | Noticed an orc warlord
  2677 | Orc:1    | Noticed an orc sorcerer
  2686 | Orc:1    | HP: 6/83 [orc warlord/war axe (21)]
  2691 | Orc:1    | Killed an orc warlord
  2691 | Orc:1    | Reached skill level 8 in Dodging
  2693 | Orc:1    | Killed an orc sorcerer
  2770 | Orc:1    | Found Tiaruaso's Weapon Boutique.
  2772 | Orc:1    | Reached skill level 6 in Transmutations
  2773 | Orc:1    | Noticed an orc sorcerer
  2776 | Orc:1    | Killed an orc sorcerer
  2776 | Orc:1    | Reached skill level 8 in Stealth
  2776 | Orc:1    | Reached XP level 12. HP: 59/89 MP: 22/24
  2784 | Orc:1    | Noticed a stone giant
  2804 | Orc:1    | Hit by a large rock thrown by a stone giant

Skill      XL: |  1  2  3  4  5  6  7  8  9 10 11 |
---------------+----------------------------------+-----
Transmutations | 2 3 4 5 6 |  6.0
Spellcasting   | 5 6 7 8 |  8.5
Invocations    | 1 2 3 4 5 6 7 |  7.3
Fighting       | 1 2 3 4 5 6 |  6.7
Short Blades   | 1 2 3 4 5 6 |  6.7
Long Blades    | 1 2 3 4 5 6 |  6.7
Axes           | 1 2 3 4 5 6 |  6.7
Maces & Flails | 1 2 3 4 5 6 |  6.7
Polearms       | 1 2 3 4 5 6 |  6.7
Staves         | 1 2 3 4 5 6 |  6.7
Slings         | 1 2 3 4 5 6 |  6.7
Bows           | 1 2 3 4 5 6 |  6.7
Crossbows      | 1 2 3 4 5 6 |  6.7
Throwing       | 1 2 3 4 5 6 |  6.7
Armour         | 1 2 3 4 5 6 |  6.7
Shields        | 1 2 3 4 5 6 |  6.7
Unarmed Combat | 1 2 3 4 5 6 |  6.7
Evocations     | 1 2 3 4 5 6 |  6.7
Conjurations   | 1 2 3 4 5 |  5.5
Hexes          | 1 2 3 4 5 |  5.5
Charms         | 1 2 3 4 5 |  5.5
Summonings     | 1 2 3 4 5 |  5.5
Necromancy     | 1 2 3 4 5 |  5.5
Translocations | 1 2 3 4 5 |  5.5
Fire Magic     | 1 2 3 4 5 |  5.5
Ice Magic      | 1 2 3 4 5 |  5.5
Air Magic      | 1 2 3 4 5 |  5.5
Poison Magic   | 1 2 3 4 5 |  5.5
Dodging        | 5 6 7 8 |  8.2
Stealth        | 5 6 7 8 |  8.0
Earth Magic    | 6 7 |  7.9

Action                   |  1- 3 |  4- 6 |  7- 9 | 10-12 || total
-------------------------+-------+-------+-------+-------++-------
Melee: Dagger            |     3 |    21 |    13 |    11 ||    48
       Bite              |       |     2 |     3 |     9 ||    14
       Punch             |       |     1 |       |     2 ||     3
       Rapier            |       |       |     9 |    33 ||    42
 Fire: Hunting sling     |       |       |     6 |    20 ||    26
Throw: Tomahawk          |     1 |       |       |       ||     1
       Throwing net      |       |       |     2 |       ||     2
 Cast: Sandblast         |    33 |    41 |    55 |    57 ||   186
       Passwall          |     1 |     8 |    11 |     7 ||    27
       Stone Arrow       |       |       |       |     1 ||     1
       Petrify           |       |       |       |     8 ||     8
       Lee's Rapid Decon |       |       |       |     1 ||     1
       Dazzling Spray    |       |       |       |     1 ||     1
Invok: Slouch            |       |       |       |     4 ||     4
Evoke: Wand              |       |       |     5 |     6 ||    11
  Use: Potion            |     1 |       |       |     3 ||     4
       Scroll            |       |     8 |     3 |     8 ||    19
 Stab: Sleeping          |       |     8 |    10 |     3 ||    21
       Held in net/web   |       |       |     2 |       ||     2
       Distracted        |       |       |       |     2 ||     2
       Petrified         |       |       |       |     6 ||     6
       Invisible         |       |       |       |     3 ||     3
       Petrifying        |       |       |       |     2 ||     2
  Eat: Ration            |       |     1 |     2 |       ||     3
Armor: Robe              |       |     2 |     4 |    11 ||    17
       Ring mail         |       |       |       |     1 ||     1
Dodge: Dodged            |    14 |    21 |    26 |    78 ||   139

Table legend:
 A = Turns spent in this place as a percentage of turns spent in the entire game.
 B = Non-inter-level travel turns spent in this place as a percentage of non-inter-level travel turns spent in the entire game.
 C = Inter-level travel turns spent in this place as a percentage of turns spent in this place.
 D = Turns resting spent in this place as a percentage of non-inter-level travel turns spent in this place.
 E = Turns spent auto-exploring this place as a percentage of non-inter-level travel turns spent in this place.
 F = Non-inter-level travel turns spent in this place divided by the number of levels of this place that you've seen.
                   A       B       C       D       E      F
               +-------+-------+-------+-------+-------+----------------------
         Total | 100.0 | 100.0 |   0.9 |   0.0 |   0.0 | 173.8
       Dungeon |  91.4 |  92.2 |   0.0 |   0.0 |   0.0 | 183.1
        Temple |   1.8 |   1.0 |  47.1 |   0.0 |   0.0 |  27.0
  Orcish Mines |   6.8 |   6.8 |   0.0 |   0.0 |   0.0 | 190.0
               +-------+-------+-------+-------+-------+----------------------

Table legend:
 A = Kills in this place as a percentage of kills in entire the game.
 B = Kills by you in this place as a percentage of kills by you in the entire game.
 C = Kills by friends in this place as a percentage of kills by friends in the entire game.
 D = Other kills in this place as a percentage of other kills in the entire game.
 E = Experience gained in this place as a percentage of experience gained in the entire game.
 F = Experience gained in this place divided by the number of levels of this place that you have seen.
                   A       B       C       D       E      F
               +-------+-------+-------+-------+-------+----------------------
         Total | 100.0 | 100.0 |   N/A | 100.0 | 100.0 | 1160.4
       Dungeon |  74.0 |  75.3 |   N/A |   0.0 |  66.4 | 881.0
  Orcish Mines |  26.0 |  24.7 |   N/A | 100.0 |  33.6 | 6233.0
               +-------+-------+-------+-------+-------+----------------------

Vault maps used:
D:1:      tarquinn_simple_flora_water_d
D:2:      first_ration, grunt_ministairs_15
D:4:      cheibrodos_old_hovel, minmay_temple_entry_glass, serial_shops,
          shop_fountains
D:5:      zin_scriptorium, minmay_misc_feat_five, corexii_corridor_pit,
          uniq_sigmund, uniq_crazy_yiuf_cottage
D:6:      chequers_temple_overflow_minitemple, uniq_eustachio
D:8:      grunt_pizzeria, uniq_pikel
D:9:      minmay_crystal_room, evilmike_butchery
D:10:     dk_yredelemnul_ordeal, uniq_urug
D:11:     dpeg_oklobed_lair, serial_shops, shop_statue
D:12:     minmay_tri_stars, orc_0_dummy, eino_house_with_fridge, uniq_nessos,
          uniq_nergalle, uniq_rupert
D:13:     uniq_josephine
D:14:     lightli_vaults_fourway_checkpoint, minmay_misc_feat_chi, minivault_16,
          uniq_sonja
Temple:   minmay_crystal_spiral_temple
Orc:1:    serial_shops, shop, nicolae_shop_overgrown_old_shop, shop, uniq_harold
